 Dungeon Crawl Stone Soup version 0.24.0-1-gfbc8707122 (webtiles) character file.

Game seed: 18406551255049240466, levelgen mode: deterministic

345 Aviak the Ducker (level 6, -3/37 HPs)
             Began as a Tengu Skald on Oct 27, 2019.
             Slain by Grinder (7 damage)
             ... while paralysed by Grinder
             ... on level 4 of the Dungeon.
             The game lasted 00:06:41 (3261 turns).

Aviak the Ducker (Tengu Skald)                      Turns: 3261, Time: 00:06:41

Health: -3/37      AC: 10    Str: 11    XL:     6   Next: 58%
Magic:  8/11       EV:  2    Int: 13    God:
Gold:   141        SH:  0    Dex: 16    Spells: 5/11 levels left

rFire    . . .     SeeInvis .   a - +0 spear
rCold    . . .     Gourm    .   (no shield)
rNeg     . . .     Faith    .   u - +1 ring mail {rPois}
rPois    +         Spirit   .   (helmet restricted)
rElec    .         Reflect  .   (no cloak)
rCorr    .         Harm     .   p - +0 pair of gloves (curse)
MR       .....                  (boots unavailable)
Stlth    +.........             m - amulet of rage
HPRegen  0.12/turn              A - +3 ring of protection
MPRegen  0.12/turn              (no ring)

@: paralysed, lethally poisoned (-3 -> -5), flying quickly and evasively,
hasted, quick
A: beak, talons 3, able to fly
a: Stop Flying, Evoke Berserk Rage


You were on level 4 of the Dungeon.
You were not hungry.

You visited 1 branch of the dungeon, and saw 4 of its levels.

You collected 141 gold pieces.

Inventory:

Hand Weapons
 a - a +0 spear (weapon)
Armour
 b - a +0 leather armour
 n - +0 ice dragon scales {rF- rC++}
 p - a cursed +0 pair of gloves (worn)
 u - a +1 ring mail of poison resistance (worn)
Jewellery
 m - an amulet of rage (around neck)
 A - a +3 ring of protection (left hand)
Wands
 j - a wand of polymorph (7)
Scrolls
 c - a scroll of noise {!r!r}
 e - a scroll of fear {unknown}
 h - a scroll of magic mapping {unknown}
 k - a scroll of immolation {unknown}
 q - a scroll of blinking {unknown}
 r - 3 scrolls of remove curse
 s - a scroll of enchant weapon {unknown}
 t - 2 scrolls of teleportation
Potions
 f - a potion of haste
 g - a potion of might
 l - a potion of magic
 o - a potion of degeneration {!q!q}
Comestibles
 d - 7 rations
 i - 5 chunks of flesh


   Skills:
 + Level 3.5 Fighting
 + Level 3.8 Polearms
 - Level 1.1 Armour
 + Level 4.0 Dodging
 - Level 3.0 Spellcasting
 + Level 3.4 Charms


You had 5 spell levels left.
You knew the following spells:

 Your Spells              Type           Power        Failure   Level  Hunger
a - Infusion              Chrm           ##..         13%         1    #......
b - Song of Slaying       Chrm           ##......     21%         2    ###....
c - Regeneration          Chrm/Necr      #.........   63%         3    ###....

Your spell library contained the following spells:

 Spells                   Type           Power        Failure   Level  Hunger
 Shroud of Golubria       Chrm/Tloc      #.....       38%         2    ###....
 Spectral Weapon          Hex/Chrm       #.......     63%         3    ###....


Dungeon Overview and Level Annotations

Branches:
Dungeon (4/15)
 Temple: D:4-7

Altars:
Kikubaaqudgha
Qazlal

Annotations:
D:4 Grinder


Innate Abilities, Weirdness & Mutations

You have a beak for a mouth.
You have claws for feet.
You can fly continuously.


Message History

Grinder gestures at you. Pain shoots through your body!
You hit Grinder. You claw Grinder, but do no damage.
Grinder is moderately wounded.
Grinder hits you but does no damage.
You closely miss Grinder. You peck Grinder.
Grinder is moderately wounded.
Grinder closely misses you.
You feel yourself speed up.
You feel sick. Grinder gestures at you.
You suddenly lose the ability to move!
Grinder says, "DUCK!"
Grinder gestures at you.
You barely resist. Grinder gestures at you. Pain shoots through your body!
* * * LOW HITPOINT WARNING * * *
You are no longer magically infusing your attacks.
Grinder hits you but does no damage. Grinder hits you!
You die...

# ... #.# #....
#.# #.#.# #.#
#.#<# #.#
#..##...###.###
#^.....).....# ###
..####.###.#.#
...$.#####.###.#.#
#...@5......#.#
#..#####.#####.#
.. ##.. ..# #.#
#.# ##... ..# #.#
#..###...## #.##
#.# ##........# #.
#.# .......... #.
#.# #...... #.#
#...# #.#######


You could see Grinder.

Vanquished Creatures
  An ogre (D:3)
  An orc priest (D:3)
  2 orc wizards (D:4)
  A worker ant (D:4)
  3 gnolls (D:4)
  3 adders (D:3)
  A worm (D:2)
  A dart slug (D:3)
  9 orcs
  4 giant cockroaches
  9 hobgoblins
  2 quokkas
  A ball python (D:1)
  6 bats
  3 frilled lizards (D:2)
  15 goblins
  15 kobolds
  10 rats
87 creatures vanquished.

Notes
Turn   | Place    | Note
-------+----------+-------------------------------------------
     0 | D:1      | Aviak the Tengu Skald began the quest for the Orb.
     0 | D:1      | Reached XP level 1. HP: 12/12 MP: 4/4
    73 | D:1      | Reached XP level 2. HP: 11/17 MP: 6/6
   622 | D:2      | Reached XP level 3. HP: 21/21 MP: 7/7
  1076 | D:2      | Reached XP level 4. HP: 26/27 MP: 0/8
  1085 | D:2      | Learned a level 2 spell: Song of Slaying
  1089 | D:2      | Learned a level 3 spell: Regeneration
  1336 | D:3      | Reached skill level 3 in Dodging
  1880 | D:3      | Found an ancient bone altar of Kikubaaqudgha.
  2166 | D:3      | Gained mutation: You can fly continuously. [Tengu growth]
  2166 | D:3      | Reached XP level 5. HP: 17/31 MP: 7/10
  2738 | D:4      | Reached XP level 6. HP: 35/37 MP: 6/11
  3125 | D:3      | Reached skill level 4 in Dodging
  3169 | D:4      | Found a stormy altar of Qazlal.
  3243 | D:4      | Noticed Grinder
  3259 | D:4      | Paralysed by Grinder for 5 turns
  3261 | D:4      | Slain by Grinder

Levels and vault maps discovered:
D:1:      dpeg_arrival_arbitrary_b, layout_rooms, serial_glass, glass_columns_a,
          glass_columns_c, glass_columns_c
D:2:      cheibrodos_greedy_goblins, layout_basic
D:3:      corexii_shack_village, layout_loops_cross, old_standard_altar
D:4:      layout_loops_ring, grunt_temple_overflow_open,
          minmay_temple_entry_wispy, grunt_qazlal_clouds, uniq_grinder

Skill      XL: |  1  2  3  4  5  6 |
---------------+-------------------+-----
Dodging        | 3 4 |  4.0
Polearms       | 3 |  3.8
Charms         | 3 |  3.4
Fighting       | 3 |  3.5
Spellcasting   | 3 |  3.0
Armour         | |  1.1

Action                   |  1- 3 |  4- 6 || total
-------------------------+-------+-------++-------
Melee: Spear             |   115 |   152 ||   267
       Kick              |    18 |    31 ||    49
       Peck              |    12 |    31 ||    43
 Cast: Infusion          |     6 |    13 ||    19
 Abil: Fly               |       |     1 ||     1
  Use: Scroll            |       |    10 ||    10
       Potion            |       |     2 ||     2
 Stab: Sleeping          |       |     1 ||     1
       Invisible         |       |     2 ||     2
  Eat: Chunk             |     1 |     2 ||     3
       Ration            |       |     2 ||     2
Armor: Leather armour    |    17 |     6 ||    23
       Ring mail         |       |    25 ||    25
Dodge: Dodged            |    37 |    73 ||   110
